 Dungeon Crawl Stone Soup version 0.29.0-11-gd7f09526c8 (webtiles) character file.

Game seed: 16329895008428922101

234 Zeldest the Insei (level 6, -2/70 HPs)
             Began as a Meteoran Transmuter on Sept 3, 2022.
             Was an Initiate of Wu Jian.
             Slain by Edmund
             ... wielding a +1 flail of venom
              (6 damage)
             ... on level 4 of the Dungeon.
             The game lasted 00:06:44 (1176 turns).

Zeldest the Insei (Meteoran Transmuter)             Turns: 1176, Time: 00:06:44

Health: -2/70      AC: 23    Str: 14    XL:     6   Next: 51%
Magic:  11/11      EV: -1    Int: 15    God:    Wu Jian [......]
Gold:   125        SH:  0    Dex: 14    Spells: 7/10 levels left

rFire   + . .      SeeInvis .     - Unarmed
rCold   . . .      Faith    .   (no shield)
rNeg    . . .      Spirit   .   (body armour currently unavailable)
rPois   +          Reflect  .   (helmet currently unavailable)
rElec   .          Harm     .   (cloak currently unavailable)
rCorr   .          Rampage  .   (gloves currently unavailable)
Will    .....      NoTele   +   (boots currently unavailable)
Stlth   +.........              (no amulet)
HPRegen 0.21/turn               b - ring of protection from fire
MPRegen 0.12/turn               (no ring)

@: lethally poisoned (-2 -> -5), tree-form, grasped by roots, hasted, glowing,
constricted, very quick
A: stationary, stasis, torment immunity, boosted hp, sense surroundings 1,
otherworldly, glowing, explore regen
a: Renounce Religion


You were on level 4 of the Dungeon.
You worshipped Wu Jian.
Wu Jian was noncommittal.
You were a tree.
You visited 2 branches of the dungeon, and saw 5 of its levels.

You collected 125 gold pieces.

Inventory:

Armour
 a - a +0 robe (melded)
 e - a scarf of repulsion (melded)
Jewellery
 b - a ring of protection from fire (left branch)
Wands
 c - a wand of flame (16)
Scrolls
 g - 2 scrolls of teleportation {unknown}
Potions
 d - a potion of ambrosia {unknown}
 i - a potion of brilliance {unknown}


   Skills:
 - Level 1.1 Fighting
 - Level 2.4 Dodging
 * Level 5.7 Unarmed Combat
 - Level 2.6 Spellcasting
 - Level 2.0 Translocations
 * Level 5.0 Transmutations
 + Level 1.4 Ice Magic


You had 7 spell levels left.
You knew the following spells:

 Your Spells              Type           Power      Damage    Failure   Level
a - Beastly Appendage     Tmut           34%        N/A       2%          1
b - Wereblood             Tmut           17%        N/A       4%          2

Your spell library contained the following spells:

 Spells                   Type           Power      Damage    Failure   Level
 Spider Form              Tmut/Pois      9%         N/A       22%         3
 Ice Form                 Ice/Tmut       11%        N/A       50%         4


Dungeon Overview and Level Annotations

Branches:
Dungeon (4/15) Zot: 1268   Temple (1/1) D:4 Zot: 545

Altars:
Ashenzari
Cheibriados
Dithmenos
Elyvilon
Fedhas
Gozag
Hepliaklqana
Kikubaaqudgha
Makhleb
Nemelex Xobeh
Okawaru
Qazlal
Sif Muna
Trog
Uskayaw
Vehumet
Wu Jian
Yredelemnul
Zin
The Shining One

Annotations:
D:4 Edmund


Innate Abilities, Weirdness & Mutations

You are a tree.
Your roots penetrate the ground, keeping you stationary.
You cannot be teleported.
You are immune to unholy pain and torment.
Your maximum health is greatly increased.
Your equipment is partially melded.
You passively map a small area around you.
You are easily found by Zot.
You glow in the dark.
You regain HP and MP as you explore.


Message History

You hit Edmund. You punch Edmund, but do no damage.
Edmund is lightly wounded.
The orc hits you but does no damage. Edmund hits you but does no damage.
You are poisoned.
You hit Edmund. You punch Edmund, but do no damage.
Edmund is lightly wounded.
* * * LOW HITPOINT WARNING * * *
You feel sick.
You hit Edmund.
Edmund is moderately wounded.
You feel sick. The orc hits you but does no damage.
Edmund hits you but does no damage.
You hit Edmund.
Edmund is moderately wounded.
You feel sick. The orc hits you but does no damage.
Edmund hits you with a +1 flail of venom.
* * * LOW HITPOINT WARNING * * *
You smack Edmund!
Edmund is heavily wounded.
* * * LOW HITPOINT WARNING * * *
You feel sick.
You barely miss Edmund. You punch Edmund, but do no damage.
Edmund is heavily wounded.
* * * LOW HITPOINT WARNING * * *
You feel sick.
Edmund zaps a wand.
The roots erupt in riotous growth!
The grasping roots grab you!
Edmund is unaffected.
The orc is unaffected.
The grasping roots constrict you. The orc hits you but does no damage.
You hit Edmund.
Edmund is severely wounded.
The orc hits you but does no damage. Edmund hits you but does no damage.
The grasping roots constrict you.
You hit Edmund but do no damage.
Edmund is severely wounded.
* * * LOW HITPOINT WARNING * * *
You feel sick.
You hit Edmund. You punch Edmund, but do no damage.
Edmund is severely wounded.
Edmund hits you with a +1 flail of venom.
You die...

## , ,...# #@#
*##### #.### *
######### #...# *
#.......# ###.#
#.......# ##.## ,
#.......# ##...##
#.......#####..<..##
#.......##.........#
#.........@♣......##
#.......##.#o#<..##
##########.#K##.##
##.#.####
########......#
###.........#.#.#
*##......###.##.#.#
......#........#,#*
,...#..$h###.##.....


You could see Edmund, an orc and a kobold.

Vanquished Creatures
  A black bear (D:4)
  A scorpion (D:4)
  5 adders
  A worm (D:2)
  2 endoplasms (D:2)
  2 giant cockroaches
  A goblin (D:4)
  7 hobgoblins
  5 jackals
  A kobold (D:3)
  A quokka (D:2)
  6 ball pythons
  2 bats
  3 frilled lizards
38 creatures vanquished.

Vanquished Creatures (others)
  7 toadstools (D:1)
7 creatures vanquished.

Grand Total: 45 creatures vanquished

Notes
Turn   | Place    | Note
-------+----------+-------------------------------------------
     0 | D:1      | Zeldest the Meteoran Transmuter began the quest for the
                  | Orb.
     0 | D:1      | Reached XP level 1. HP: 16/16 MP: 5/5
   148 | D:2      | Reached XP level 2. HP: 23/23 MP: 4/6
   153 | D:2      | Learned a level 2 spell: Wereblood
   203 | D:2      | HP: 1/23 [frozen (3)]
   307 | D:2      | Reached skill level 1 in Translocations
   307 | D:2      | Reached XP level 3. HP: 27/28 MP: 4/8
   380 | D:3      | HP: 1/28 [poisoned by an adder]
   459 | D:2      | Found a sparkling altar of Nemelex Xobeh.
   496 | D:3      | Found an opulent altar of Gozag.
   529 | D:4      | Noticed a scorpion
   540 | D:4      | Killed a scorpion
   541 | D:4      | Reached XP level 4. HP: 27/35 MP: 6/9
   541 | D:4      | Reached XP level 5. HP: 31/40 MP: 6/10
   564 | D:4      | Noticed Edmund
   619 | D:3      | Reached skill level 5 in Unarmed Combat
   823 | D:3      | Found a stormy altar of Qazlal.
   823 | D:3      | Found a broken altar of Ashenzari.
   936 | D:4      | Found a staircase to the Ecumenical Temple.
   943 | Temple   | Entered the Ecumenical Temple
  1019 | D:4      | Found an ornate altar of the Wu Jian Council.
  1035 | D:4      | Became a worshipper of the Wu Jian Council
  1124 | D:4      | Noticed a black bear
  1167 | D:4      | Killed a black bear
  1168 | D:4      | Reached skill level 5 in Transmutations
  1168 | D:4      | Reached skill level 1 in Ice Magic
  1168 | D:4      | Reached XP level 6. HP: 11/47 MP: 11/11
  1176 | D:4      | Slain by Edmund

Illustrated notes

Levels and vault maps discovered:
D:1:      nagdon_arrival_double_spiral, layout_loops_ring,
          hellmonk_ecumenical_altar_crossroads
D:2:      layout_basic, basic_altar
D:3:      layout_loops_ring, lemuel_doored_altar, gammafunk_temple_overflow_wave
D:4:      layout_loops_cross, pf_just_have_faith,
          minmay_temple_entry_mini_moons, uniq_edmund, uniq_menkaure,
          uniq_pargi, uniq_crazy_yiuf_cottage
Temple:   nicolae_temple_x_marks_the_god

Skill      XL: |  1  2  3  4  5 |
---------------+----------------+-----
Unarmed Combat | 4 5 |  5.7
Transmutations | 3 4 5 |  5.0
Translocations | 1 2 |  2.0
Ice Magic      | 1 |  1.4
Fighting       | |  1.1
Dodging        | |  2.4
Spellcasting   | |  2.6

Action                   |  1- 3 |  4- 6 || total
-------------------------+-------+-------++-------
Melee: Unarmed           |    72 |    46 ||   118
       Headbutt          |     6 |     2 ||     8
       Kick              |     9 |     6 ||    15
       Punch             |     1 |     5 ||     6
 Cast: Beastly Appendage |     8 |     5 ||    13
       Wereblood         |     4 |     1 ||     5
Invok: Lunge             |       |     1 ||     1
  Use: Potion            |     3 |     2 ||     5
Armor: Robe              |    18 |     7 ||    25
       Skin              |     2 |    13 ||    15
Dodge: Dodged            |    40 |    10 ||    50
